 Dungeon Crawl Stone Soup version 0.31-a0-840-g6d2ecbb638 (webtiles) character file.

Game seed: 11422342280673399349

942 BinkBink the Trooper (level 7, -3/60 (66) HPs)
             Began as a Minotaur Berserker on Sept 27, 2023.
             Was a Priest of Trog.
             Splashed by a jelly's acid (10 damage)
             ... on level 6 of the Dungeon.
             The game lasted 00:07:30 (4193 turns).

BinkBink the Trooper (Minotaur Berserker)           Turns: 4193, Time: 00:07:32

HP:   -3/60 (66)    AC:  8    Str: 23    XL:     7   Next: 88%
MP:   6/6           EV: 11    Int:  4    God:    Trog [***...]
Gold: 423           SH:  0    Dex: 10    Spells: 6/6 levels left

rFire   + . .        a - +0 spear
rCold   + + .        (no shield)
rNeg    . . .        p - +2 ring mail {rC+}
rPois   .            (helmet restricted)
rElec   .            n - scarf {rC+ rF+}
rCorr   .            (no gloves)
SInv    .            (no boots)
Will    .....        (no amulet) Stlth
                     (no ring)
HPRegen 0.30/turn    (no ring)
MPRegen 0.10/turn

%: no passive effects
@: lethally poisoned (-3 -> -6), weakened, on berserk cooldown, slowed, drained,
very slow
A: horns 2, retaliatory headbutt
a: Renounce Religion, Berserk, Trog's Hand


You were on level 6 of the Dungeon.
You worshipped Trog.
Trog was most pleased with you.
You visited 1 branch of the dungeon, and saw 6 of its levels.

You collected 423 gold pieces.

Inventory:

Hand Weapons
 a - a +0 spear (weapon)
Armour
 b - a +0 animal skin
 n - a scarf of resistance (worn)
 p - a +2 ring mail of cold resistance (worn)
Scrolls
 c - 5 scrolls of identify {unknown}
 d - 2 scrolls of blinking {unknown}
 e - a scroll of revelation {unknown}
 f - a scroll of noise {unknown}
 h - 2 scrolls of immolation {unknown}
 i - a scroll of fog {unknown}
 j - 2 scrolls of teleportation {unknown}
 m - a scroll of vulnerability {unknown}
Potions
 k - a potion of attraction {unknown}
 l - a potion of curing {unknown}
 o - a potion of haste {unknown}


   Skills:
 + Level 7.2 Fighting
 + Level 7.1 Polearms
 + Level 6.5 Armour
 - Level 2.6 Dodging


You had 6 spell levels left.
You didn't know any spells.
Your spell library was empty.

Dungeon Overview and Level Annotations

Branches:
Dungeon (6/15)             Temple (0/1) D:4

Altars:
Gozag
Nemelex Xobeh

Shops:
D:2 (:?*   D:4 *   D:5 [


Innate Abilities, Weirdness & Mutations

You have a pair of horns on your head.
You reflexively headbutt those who attack you in melee.


Message History

You feel drained.
The kobold brigand hits you with a +0 club.
The sky beast flickers out of sight!
The gnoll bouda barks out a call to the hunt!
The gnolls pick up the pace!
You are too confused!
The gnoll is no longer moving quickly.
Reactivating autopickup.
You feel a bit more experienced. The gnoll barely misses you.
The gnoll hits you from afar with a +0 spear.
A jelly comes into view.
The kobold brigand throws a poisoned dart.
The poisoned dart hits you!
You are poisoned.
The gnoll closely misses you.
You feel very sick.
The jelly quivers.
The gnoll bouda barks out a call to the hunt!
The gnolls pick up the pace!
The gnoll hits you from afar with a +0 spear.
The gnoll bouda gazes fiercely through you!
You feel your attacks grow feeble.
You feel sick.
The kobold brigand hits you with a +0 club.
The gnoll hits you with a +0 spear. The gnoll misses you.
The kobold brigand hits you with a +0 club.
Okay, then.
It was a potion of magic.
Magic courses through your body.
You feel less confused.
You feel sick. The gnoll closely misses you. The jelly hits you.
* * * LOW HITPOINT WARNING * * *
You are splashed with acid!
* * * LOW HITPOINT WARNING * * *
The kobold brigand hits you but does no damage.
The gnoll hits you but does no damage. The gnoll barely misses you.
A sky beast appears from thin air!
The gnoll bouda misses you. The jelly hits you.
* * * LOW HITPOINT WARNING * * *
You are splashed with acid!
You die...

#....##...# # #....##...#
#. #. #....##...# # #. .
#.$..##...# ... #..
#.#.##.....<#.[... . #..
##.#.#...).........
..#...#....g.........#.##
......####Y#.K#.....?+
#......@Kg##.#......#
##.....Jggg.<.....$.#
##....#####........#
+....+ '....#.#.# ......#
#........# #..#.#...
#.K..#.#.# #.......# .
#..#.#.## .......


You could see a sky beast, a kobold brigand, a gnoll bouda, a jelly and 4
gnolls.

Vanquished Creatures
  Menkaure (D:5)
  A water moccasin (D:5)
  A black bear (D:4)
  An ogre (D:4)
  A kobold brigand (D:6)
  A bullfrog (D:6)
  2 hounds
  An orc priest (D:3)
  3 iguanas
  3 adders
  9 gnolls
  A shadow imp (D:5)
  A white imp (D:5)
  An ufetubus (D:5)
  2 worms
  4 dart slugs
  12 orcs
  6 ball pythons
  6 endoplasms
  A giant cockroach (D:2)
  3 goblins
  7 hobgoblins
  10 jackals
  3 quokkas
  6 bats
  4 frilled lizards
  10 kobolds
  10 rats
111 creatures vanquished.

Vanquished Creatures (others)
  An orc wizard (D:6)
1 creature vanquished.

Grand Total: 112 creatures vanquished

Notes
Turn   | Place    | Note
-------+----------+-------------------------------------------
     0 | D:1      | BinkBink the Minotaur Berserker began the quest for the
                  | Orb.
     0 | D:1      | Reached XP level 1. HP: 19/19 MP: 0/0
   106 | D:1      | Reached XP level 2. HP: 27/27 MP: 1/1
   317 | D:1      | Found a faded altar of an unknown god.
   378 | D:1      | Reached XP level 3. HP: 33/33 MP: 2/2
   628 | D:2      | Reached ** piety under Trog
   674 | D:2      | Found Sooxuhul's General Store.
   809 | D:2      | Found Huhu Kut's Book Boutique.
   882 | D:2      | Reached XP level 4. HP: 34/41 MP: 3/3
   917 | D:2      | Found Xidois's Magic Scroll Boutique.
  1169 | D:2      | Found Aqar's Antique Weapon Boutique.
  1281 | D:2      | Identified the +0 ring mail of Royfybum {Regen+ Str+3
                  | Int+2}
  1705 | D:3      | Reached XP level 5. HP: 22/47 MP: 4/4
  1942 | D:3      | Reached skill level 5 in Fighting
  1942 | D:3      | Reached skill level 5 in Polearms
  2218 | D:4      | Found a staircase to the Ecumenical Temple.
  2246 | D:4      | Noticed an ogre
  2253 | D:4      | Killed an ogre
  2257 | D:4      | Noticed a black bear
  2268 | D:4      | Killed a black bear
  2268 | D:4      | Reached *** piety under Trog
  2269 | D:4      | Reached skill level 5 in Armour
  2269 | D:4      | Reached XP level 6. HP: 20/57 MP: 5/5
  2474 | D:4      | Found Reroat's Elemental Accessories.
  2807 | D:4      | Found an opulent altar of Gozag.
  2807 | D:4      | Found a sparkling altar of Nemelex Xobeh.
  3334 | D:5      | Entered Level 5 of the Dungeon
  3556 | D:5      | Found Kyoguhon's Armour Shoppe.
  3575 | D:5      | Noticed Menkaure
  3596 | D:5      | Killed Menkaure
  3597 | D:5      | Reached XP level 7. HP: 10/64 MP: 6/6
  4193 | D:6      | Splashed by a jelly's acid

Illustrated notes

Levels and vault maps discovered:
D:1:      saegor_arrival_simple_a, layout_rooms,
          chequers_ecumenical_altar_simple
D:2:      minmay_chambers_of_twos, layout_loops_ring, serial_shops,
          nicolae_shop_tiny_glass, nicolae_shop_rolling_square, shop,
          nicolae_shop_temple_entry_statues_fountains, fountainhead
D:3:      layout_rooms
D:4:      layout_basic, grunt_temple_overflow_opulence, temple_pool_b,
          nicolae_elemental_shop, kennysheep_generic_room_5
D:5:      layout_basic, serial_shops, nicolae_take_the_stairs,
          chequers_decorated_corner, uniq_menkaure
D:6:      layout_basic, serial_glass, glass_columns_a, glass_columns_a,
          enter_ossuary_2, eino_small_chamber_without_monster

Skill      XL: |  1  2  3  4  5  6  7 |
---------------+----------------------+-----
Fighting       | 4 5 6 7 |  7.2
Polearms       | 4 5 6 7 |  7.1
Armour         | 3 4 5 6 |  6.5
Dodging        | |  2.6

Action                     |  1- 3 |  4- 6 |  7- 9 || total
---------------------------+-------+-------+-------++-------
  Melee: Spear             |    98 |   216 |    49 ||   363
         Headbutt          |    12 |    22 |     8 ||    42
         Punch             |     1 |     5 |     2 ||     8
 Invoke: Berserk           |       |     2 |     1 ||     3
         Trog's Hand       |       |     2 |       ||     2
    Use: Potion            |       |       |     1 ||     1
 Armour: Animal skin       |    30 |    64 |       ||    94
         Ring mail         |       |    27 |    31 ||    58
  Dodge: Dodged            |    29 |    91 |    24 ||   144

Table legend: (Time is in decaauts)
 A = Elapsed time spent in this place.
 B = Non-inter-level travel time spent in this place.
 C = Inter-level travel time spent in this place.
 D = Time resting spent in this place.
 E = Time spent auto-exploring this place.
 F = Levels seen in this place.
 G = Mean time per level.
                   A        B        C        D        E       F      G
               +--------+--------+--------+--------+--------+-----+--------+
         Total |   4154 |   4011 |    143 |      0 |   3300 |   6 |  692.3 |
       Dungeon |   4154 |   4011 |    143 |      0 |   3300 |   6 |  692.3 |
               +--------+--------+--------+--------+--------+-----+--------+

Top non-repeatable levels by time:
     D:4: 1163 daAuts
     D:2: 981 daAuts
     D:5: 809 daAuts
     D:3: 677 daAuts
     D:1: 487 daAuts
     D:6: 34 daAuts
